 Dungeon Crawl Stone Soup version 0.26.1-2-gb8aa6d0cf2 (console) character file.

Game seed: 11290909810629942549

135265 om the Nimble (level 16, -2/157 HPs)
             Began as a Troll Monk on Feb 19, 2021.
             Was an Initiate of Gozag.
             Killed from afar by an eleionoma (30 damage)
             ... with a spray of wooden splinters
             ... on level 1 of the Swamp on Feb 22, 2021.
             The game lasted 01:13:42 (29861 turns).

om the Nimble (Troll Monk)                         Turns: 29861, Time: 01:13:49

Health: -2/157     AC: 21    Str: 27    XL:     16   Next: 64%
Magic:  15/15      EV: 16    Int:  6    God:    Gozag
Gold:   7608       SH: 20    Dex: 16    Spells: 15/15 levels left

rFire    . . .     SeeInvis .   b - +5 hunting sling {flame, Will++ Str+3}
rCold    + . .     Faith    .   A - +2 tower shield {AC+3}
rNeg     + . .     Spirit   .   E - quicksilver dragon scales
rPois    .         Reflect  .   R - +1 hat
rElec    +         Harm     .   i - +1 cloak {rF+}
rCorr    .         Rampage  .   (gloves unavailable)
Will     +++++                  (boots unavailable)
Stlth    +.........             h - amulet of regeneration
HPRegen  1.16/turn              V - ring of ice
MPRegen  0.14/turn              S - ring "Wagut" {rElec rN+ Will+}

@: studying 2 skills, very slow
A: large, unfitting armour, claws 3, regeneration 1, shaggy fur 1, tough skin 3
a: Renounce Religion, Potion Petition, Call Merchant, Bribe Branch


You were on level 1 of the Swamp.
You worshipped Gozag.
Gozag was greatly pleased with you.
You visited 5 branches of the dungeon, and saw 25 of its levels.
You also visited: Volcano.

You collected 10028 gold pieces.
You spent 1264 gold pieces at shops.
You paid 1156 gold pieces to Gozag.

Inventory:

Hand Weapons
 a - the +6 shillelagh "Devastator" {shatter}
   (You bought it in a shop on level 9 of the Dungeon)
 b - the +5 hunting sling of the Open Hand (weapon) {flame, Will++ Str+3}
   (You found it on level 5 of the Lair of Beasts)

   It causes projectiles fired from it to burn those they strike, causing extra
   injury to most foes and up to half again as much damage against particularly
   susceptible opponents.
   It affects your strength (+3).
   It affects your willpower, your defense against some magical effects.
 Q - the +1 flail "Isar" {holy, Str+5}
   (You found it on level 3 of the Lair of Beasts)

   It has been blessed by the Shining One to cause great damage to the undead
   and demons.
   It affects your strength (+5).
Missiles
 K - 173 sling bullets (quivered ammo)
 P - a large rock
Armour
 i - a +1 cloak of fire resistance (worn)
 l - +0 swamp dragon scales
 A - a +2 tower shield of protection (worn)
 E - quicksilver dragon scales (worn)
 R - a +1 hat (worn)
Jewellery
 f - an uncursed ring of magical power
 h - an amulet of regeneration (around neck)
 s - a +4 ring of evasion
 y - an uncursed amulet of guardian spirit
 F - an uncursed ring of see invisible
 L - a +6 ring of dexterity
 N - the ring of Curiosity {rPois rN+ Int+2}
   (You bought it in a shop on level 2 of the Orcish Mines)

   [ring of positive energy]

   It affects your intelligence (+2).
   It protects you from poison.
   It protects you from negative energy.
 S - the ring "Wagut" (right claw) {rElec rN+ Will+}
   (You acquired it on level 3 of the Lair of Beasts)

   [ring of willpower]

   It insulates you from electricity.
   It protects you from negative energy.
   It affects your willpower, your defense against some magical effects.
 U - an uncursed ring of resist corrosion
 V - a ring of ice (left claw)
 X - the amulet of the Air {Inacc +Fly rElec EV+5 RMsl}
   (You found it on level 5 of the Lair of Beasts)

   [amulet of inaccuracy]

   It reduces the accuracy of all your attacks.
   It affects your evasion (+5).
   It insulates you from electricity.
   It lets you fly.
   It protects you from missiles.
 Z - the ring "Ritamoys" {Fire Stlth+}
   (You found it on level 6 of the Lair of Beasts)

   [ring of fire]

   It enhances your fire magic.
   It protects you from fire.
   It makes you vulnerable to cold.
   It makes you more stealthy.
Wands
 v - a wand of acid (8)
 x - a wand of iceblast (24)
 M - a wand of random effects (6)
 O - a wand of polymorph (17)
 T - a wand of digging (9)
 Y - a wand of disintegration (14)
Scrolls
 e - a scroll of magic mapping
 g - 8 scrolls of teleportation
 j - 5 scrolls of enchant weapon
 m - 4 scrolls of fog
 n - 10 scrolls of remove curse
 o - 5 scrolls of amnesia
 p - a scroll of brand weapon
 u - 2 scrolls of silence
 w - 2 scrolls of fear
 B - 7 scrolls of identify
 H - 5 scrolls of blinking
 I - a scroll of summoning
 J - a scroll of holy word
Potions
 c - 13 potions of curing
 d - 2 potions of resistance
 k - 2 potions of invisibility
 q - 7 potions of lignification
 r - 6 potions of brilliance
 C - 3 potions of flight
 D - 7 potions of haste
 G - 5 potions of cancellation
Books
 z - a manual of Slings
 W - a manual of Fighting
Miscellaneous
 t - a phantom mirror


   Skills:
 * Level 9.7 Fighting
 + Level 12.9 Maces & Flails
 * Level 8.6 Slings
 + Level 5.5 Armour
 + Level 13.3 Dodging
 - Level 1.0 Stealth
 + Level 8.7 Shields
 - Level 12.6 Unarmed Combat
 * Level 5.0 Evocations


You had 15 spell levels left.
You didn't know any spells.
Your spell library contained the following spells:

 Spells                   Type           Power        Failure   Level
 Animate Skeleton         Necr           0%           95%         1
 Pain                     Necr           0%           95%         1
 Sandblast                Erth           0%           95%         1
 Sting                    Tmut/Pois      0%           95%         1
 Summon Small Mammal      Summ           0%           95%         1
 Call Imp                 Summ           0%           99%         2
 Corpse Rot               Necr/Air       N/A          99%         2
 Passwall                 Tmut/Erth      0%           99%         2
 Poisonous Vapours        Pois/Air       0%           99%         2
 Swiftness                Air            0%           99%         2
 Call Canine Familiar     Summ           0%           100%        3
 Confusing Touch          Hex            0%           100%        3
 Gell's Gravitas          Tloc           0%           100%        3
 Ignite Poison            Fire/Tmut/Pois 0%           100%        3
 Inner Flame              Hex/Fire       0%           100%        3
 Mephitic Cloud           Conj/Pois/Air  0%           100%        3
 Portal Projectile        Hex/Tloc       0%           100%        3
 Stone Arrow              Conj/Erth      0%           100%        3
 Summon Guardian Golem    Hex/Summ       0%           100%        3
 Tukima's Dance           Hex            0%           100%        3
 Vampiric Draining        Necr           0%           100%        3
 Animate Dead             Necr           0%           100%        4
 Olgreb's Toxic Radiance  Pois           0%           100%        4
 Petrify                  Tmut/Erth      0%           100%        4
 Summon Ice Beast         Ice/Summ       0%           100%        4
 Summon Lightning Spire   Summ/Air       0%           100%        4
 Agony                    Necr           0%           100%        5
 Fireball                 Conj/Fire      0%           100%        5
 Lee's Rapid Deconstruct  Erth           0%           100%        5
 Lightning Bolt           Conj/Air       0%           100%        5
 Dispersal                Tloc           0%           100%        6
 Starburst                Conj/Fire      0%           100%        6
 Disjunction              Tloc           0%           100%        8
 Ignition                 Fire           0%           100%        8


Dungeon Overview and Level Annotations

Branches:
Dungeon (15/15)            Temple (0/1) D:6            Lair (6/6) D:9
  Swamp (1/4) Lair:4        Snake (0/4) Lair:2        Slime (0/5) Lair:6
    Orc (2/2) D:12            Elf (1/3) Orc:2        Vaults (0/5) D:14
 Depths (0/5) D:15        Volcano (visited)

Altars:
Ashenzari
Fedhas
Gozag
Hepliaklqana
Okawaru
Zin
Jiyva

Shops:
D:9 *   Orc:2 (}=*[


Innate Abilities, Weirdness & Mutations

You are too large for most types of armour.
You have claws for hands.
Your natural rate of healing is unusually fast.
You are covered in fur. (AC +1)
You have extremely tough skin. (AC +3)


Message History

Press: ? - help, Q - select action, (/) - cycle Shift-Dir - straight line, f/p - eleionoma
Aim: an eleionoma (lightly wounded, 72% to hit)
Okay, then.
The foxfire hits you! x2
The will-o-the-wisp gestures.
The will-o-the-wisp conjures some foxfire! 2 foxfires come into view.
The will-o-the-wisp gestures.
The will-o-the-wisp conjures some foxfire! 2 foxfires come into view.
You enter the shallow water.
Moving in this stuff is going to be slow.
The foxfire hits you!! x4
* * * LOW HITPOINT WARNING * * *
The will-o-the-wisp gestures.
The will-o-the-wisp conjures some foxfire!
The eleionoma hurls a spray of splinters at you.
The spray of wooden splinters hits you!!
You die...
Your body crumbles into a pile of gold.

♣♣.≈.≈♣ ≈≈ ♣.≈≈≈.♣
.≈≈ $ ..≈. ♣.≈≈≈.♣
♣♣♣♣≈≈≈ ≈≈≈≈ ♣≈.≈≈.♣
≈(≈.≈§§ ≈≈≈≈≈
♣.≈≈≈♣♣..≈≈.(≈
≈§≈≈≈♣♣♣...≈♣(.≈≈≈(≈
≈≈≈≈≈.≈♣....(.((≈§§≈
≈≈≈≈≈..♣......§§vv§(
≈≈≈≈≈..♣≈♣♣..§≈§v§≈≈
..≈≈....≈♣♣R§§§§§≈≈.
|♣♣≈.≈...≈♣@§w≈≈≈≈≈.
≈..♣≈..≈.♣♣♣....≈≈..
≈≈≈...≈≈.♣♣♣..≈.....
≈≈≈≈...≈.≈≈≈..♣♣♣♣♣.
§≈≈≈..≈≈....≈≈§♣
...≈.♣.≈≈.≈≈≈..♣
..≈..♣.≈≈≈.≈≈.♣♣ $
...≈≈..≈≈≈...♣♣
...≈≈≈≈≈..≈≈.♣ $
♣♣...≈≈≈.♣♣♣♣♣
♣........♣♣


You could see an eleionoma, a will-o-the-wisp and a swamp worm.

Vanquished Creatures
  Rupert (D:13)
  Agnes (D:15)
  A tengu reaver (D:12)
  The ghost of bearlyready the Thaumaturge, an adept GnAE of Sif Muna (Lair:3)
  A fire giant (D:12)
  An orc warlord (Orc:1)
  A yaktaur captain (D:15)
  2 ice dragons
  Erolcha (D:12)
  6 boulder beetles
  10 hydras
  An anaconda (Lair:5)
  3 catoblepae
  An ogre mage (D:15)
  4 centaur warriors
  A death knight (D:12)
  3 tengu warriors
  9 two-headed ogres
  6 death yaks
  Urug (Lair:6)
  4 orc high priests (Orc:2)
  13 skeletal warriors
  A bog body (Lair:4)
  A wizard (D:14)
  3 unseen horrors
  6 orc knights
  3 lindwurms (Lair:6)
  13 ugly things
  An oklob plant (Lair:6)
  4 orc sorcerers
  3 manticores
  3 deep elf magi
  5 elephants
  A cyclops (D:9)
  Joseph (D:8)
  6 black mambas
  Psyche (D:12)
  5 gargoyles
  5 torpor snails (Lair:6)
  2 kobold demonologists (D:11)
  12 cane toads
  6 rime drakes
  An efreet (Volcano)
  A yaktaur (D:15)
  12 komodo dragons
  7 polar bears
  11 trolls
  A tengu conjurer (D:14)
  14 hornets
  4 tyrant leeches (Lair:6)
  8 dream sheep (Lair:6)
  39 blink frogs
  4 vampires
  A fire elemental (Volcano)
  6 basilisks
  3 wraiths
  83 yaks
  A spriggan (shapeshifter) (D:14)
  3 wyverns
  18 humans
  A steam dragon (D:11)
  2 vampire mosquitoes (D:13)
  2 nagas (Lair:2)
  6 wargs
  3 acid dragons
  A hydra simulacrum (Lair:3)
  A soldier ant (D:11)
  11 water moccasins
  2 black bears
  34 orc warriors
  5 sky beasts
  2 necrophages
  2 ice beasts
  3 phantoms
  27 ogres
  6 wolves
  10 centaurs
  2 eyes of draining (D:12)
  2 big kobolds
  4 gnoll sergeants
  24 bullfrogs
  2 cane toad simulacra (Lair:3)
  4 scorpions
  An elephant simulacrum (Lair:3)
  5 killer bees (D:11)
  16 wights
  2 electric eels (Lair:1)
  6 centaur zombies
  A quasit (D:13)
  A komodo dragon simulacrum (Lair:3)
  18 hounds
  5 jellies
  8 centaur skeletons
  A bullfrog zombie (D:10)
  21 orc priests
  24 orc wizards
  7 iguanas
  8 worker ants
  2 bullfrog skeletons (D:10)
  A polar bear simulacrum (Lair:3)
  2 hound skeletons
  A howler monkey zombie (D:8)
  8 gnolls
  A worker ant zombie (D:4)
  6 adders
  3 white imps
  2 oozes (D:4)
  An ufetubus (D:6)
  An adder zombie (D:5)
  A worm (D:2)
  3 dart slugs (D:2)
  6 leopard geckos
  83 orcs
  2 ball pythons
  8 bats
  6 giant cockroaches
  11 goblins
  4 hobgoblins
  9 jackals
  6 quokkas
  A ball python skeleton (D:4)
  6 frilled lizards
  A jackal skeleton (D:8)
  12 kobolds
  A leopard gecko skeleton (D:5)
  A quokka zombie (D:9)
  7 rats
847 creatures vanquished.

Vanquished Creatures (others)
  An orc (D:14)
  8 foxfires (Swamp:1)
  40 fungi
  59 plants
108 creatures vanquished.

Grand Total: 955 creatures vanquished

Notes
Turn   | Place    | Note
-------+----------+-------------------------------------------
     0 | D:1      | om the Troll Monk began the quest for the Orb.
     0 | D:1      | Reached XP level 1. HP: 22/22 MP: 0/0
     0 | D:1      | Noticed a shadow dragon
     1 | D:1      | Noticed an iron dragon
     4 | D:1      | Noticed an ice dragon
     7 | D:1      | Noticed an iron dragon
     8 | D:1      | Noticed a green draconian
    11 | D:1      | Noticed a white draconian
    11 | D:1      | Noticed an orb of fire
    14 | D:1      | Noticed a tentacled monstrosity
    14 | D:1      | Noticed a large abomination
    16 | D:1      | Noticed an ice dragon
    18 | D:1      | Noticed a shadow dragon
    18 | D:1      | Noticed a red draconian
    18 | D:1      | Noticed a tentacled monstrosity
    20 | D:1      | Noticed an iron dragon
    22 | D:1      | Noticed an ice dragon
   324 | D:1      | Reached XP level 2. HP: 29/29 MP: 1/1
   789 | D:2      | Reached XP level 3. HP: 36/36 MP: 2/2
  1248 | D:2      | Noticed a scorpion
  1263 | D:2      | Killed a scorpion
  1264 | D:2      | Reached skill level 3 in Dodging
  1264 | D:2      | Reached XP level 4. HP: 43/45 MP: 3/3
  1445 | D:3      | You fall into a shaft and drop 3 floors!
  1470 | D:5      | Entered Level 5 of the Dungeon
  1775 | D:3      | Reached XP level 5. HP: 53/53 MP: 4/4
  1838 | D:3      | Found a faded altar of an unknown god.
  1961 | D:3      | Found an opulent altar of Gozag.
  1967 | D:3      | Became a worshipper of Gozag Ym Sagoz the Greedy
  2359 | D:3      | Found a glowing silver altar of Zin.
  2463 | D:4      | Noticed an ogre
  2469 | D:4      | Killed an ogre
  2470 | D:4      | Reached skill level 5 in Unarmed Combat
  2477 | D:4      | Reached XP level 6. HP: 27/61 MP: 5/5
  2870 | D:4      | Reached XP level 7. HP: 68/68 MP: 6/6
  2876 | D:4      | Reached skill level 4 in Dodging
  4279 | D:5      | HP: 1/70 [orc warrior/+0 halberd (19)]
  4776 | D:6      | Reached XP level 8. HP: 38/78 MP: 7/7
  4992 | D:6      | Reached skill level 5 in Dodging
  5213 | D:6      | Found a staircase to the Ecumenical Temple.
  5709 | D:7      | Reached skill level 10 in Unarmed Combat
  5760 | D:7      | Reached XP level 9. HP: 81/84 MP: 8/8
  6097 | D:7      | Found an iron altar of Okawaru.
  6098 | D:7      | Found a broken altar of Ashenzari.
  6327 | D:8      | Noticed a manticore
  6333 | D:8      | Killed a manticore
  6334 | D:8      | Reached skill level 1 in Evocations
  6365 | D:8      | Reached skill level 6 in Dodging
  6668 | D:8      | Reached XP level 10. HP: 84/94 MP: 9/9
  6730 | D:8      | Paralysed by a centaur for 7 turns
  6954 | D:8      | Noticed Joseph
  6969 | D:8      | Killed Joseph
  7074 | D:8      | Reached skill level 5 in Fighting
  7088 | D:9      | Noticed a cyclops
  7098 | D:9      | Killed a cyclops
  7099 | D:9      | Reached skill level 1 in Slings
  7251 | D:9      | Found an iron altar of Okawaru.
  7302 | D:9      | Reached skill level 7 in Dodging
  7400 | D:9      | Found a staircase to the Lair.
  7400 | D:9      | Identified the Catalogue of Enchanting Lightness
  7616 | D:9      | Found Ewimitt's Mayhem Merchandise.
  7835 | D:10     | Entered Level 10 of the Dungeon
  8438 | D:10     | Reached XP level 11. HP: 96/104 MP: 10/10
  8544 | D:10     | Identified a scroll of acquirement
  8646 | D:10     | Acquired a +1 tower shield of protection
  8694 | D:11     | Noticed a two-headed ogre
  8700 | D:11     | Killed a two-headed ogre
  8701 | D:11     | Reached skill level 1 in Shields
  8745 | D:11     | Noticed a six-headed hydra
  8783 | D:11     | Noticed a skeletal warrior
  8823 | D:9      | Killed an unseen horror
  8937 | D:10     | Killed a 14-headed hydra
  8938 | D:10     | Reached skill level 5 in Slings
  9156 | D:10     | Reached skill level 8 in Dodging
  9258 | D:10     | Noticed a two-headed ogre
  9266 | D:10     | Killed a two-headed ogre
  9551 | D:10     | Paralysed by a hornet for 1 turns
 10034 | D:11     | You fall into a shaft and drop 1 floor!
 10067 | D:11     | You fall into a shaft and drop 3 floors!
 10085 | D:14     | Noticed a tengu warrior
 10366 | D:11     | Noticed a skeletal warrior
 10370 | D:11     | Noticed a skeletal warrior
 10388 | D:11     | Killed a skeletal warrior
 10398 | D:11     | Killed a skeletal warrior
 10409 | D:11     | Killed a skeletal warrior
 10410 | D:11     | Reached XP level 12. HP: 52/115 MP: 6/11
 10610 | D:11     | Identified the +3 ring mail of Jajaul {Will- Int+6}
 10919 | D:11     | Noticed a six-headed hydra
 11030 | Lair:1   | Entered Level 1 of the Lair of Beasts
 11111 | Lair:1   | Found a dark tunnel.
 11120 | Volcano  | Entered a volcano
 13740 | Lair:1   | Reached skill level 9 in Dodging
 14681 | Lair:2   | Found a staircase to the Snake Pit.
 14803 | D:9      | Bought the +6 shillelagh "Devastator" {shatter} for 840
                  | gold pieces
 14803 | D:9      | Found the +6 shillelagh "Devastator" {shatter}
 15027 | D:11     | Reached skill level 1 in Maces & Flails
 15222 | D:12     | Noticed a death knight
 15243 | D:11     | Reached skill level 5 in Shields
 15319 | D:12     | Noticed Psyche
 15328 | D:12     | Killed Psyche
 15338 | D:12     | Reached skill level 5 in Evocations
 15352 | D:12     | Killed a death knight
 15447 | D:12     | Noticed a boulder beetle
 15476 | D:12     | Noticed Erolcha
 15513 | D:12     | Killed Erolcha
 15520 | D:12     | Killed a boulder beetle
 15521 | D:12     | Reached XP level 13. HP: 66/123 MP: 5/12
 16695 | D:14     | Reached skill level 5 in Maces & Flails
 16842 | D:14     | Noticed Rupert
 16869 | D:13     | Reached skill level 10 in Dodging
 17004 | D:13     | Killed Rupert
 17407 | D:14     | You fall into a shaft and drop 1 floor!
 17407 | D:15     | Entered Level 15 of the Dungeon
 17420 | D:14     | Found a gate to the Vaults.
 18374 | D:14     | Reached XP level 14. HP: 131/131 MP: 13/13
 18608 | D:12     | Reached skill level 1 in Armour
 18633 | D:12     | Found a staircase to the Orcish Mines.
 18697 | Orc:1    | Entered Level 1 of the Orcish Mines
 19165 | Orc:2    | Entered Level 2 of the Orcish Mines
 19165 | Orc:2    | Found Siumn's General Store.
 19487 | Orc:2    | Found a staircase to the Elven Halls.
 19519 | Orc:2    | Found Archut's Antique Armour Shoppe.
 19794 | Orc:2    | Found Vuph's Jewellery Emporium.
 19856 | Orc:2    | Bought the ring of Curiosity {rPois rN+ Int+2} for 424 gold
                  | pieces
 19940 | Orc:2    | Found Tisugoe's Gadget Shoppe.
 19945 | Orc:2    | Found Doefasuygg's Antique Weapon Shop.
 19945 | Orc:2    | Noticed an orc warlord
 20028 | Orc:1    | Killed an orc warlord
 20037 | Orc:2    | Paralysed by an orc sorcerer for 5 turns
 20349 | Orc:2    | Reached skill level 11 in Dodging
 20871 | D:12     | Found a blossoming altar of Fedhas.
 20873 | D:12     | Noticed a tengu reaver
 20874 | D:12     | Noticed a fire giant
 20896 | D:12     | Reached skill level 10 in Maces & Flails
 21076 | D:12     | Killed a tengu reaver
 21154 | D:12     | Killed a fire giant
 21172 | D:12     | Found a hazy altar of Hepliaklqana.
 21599 | D:15     | Reached XP level 15. HP: 90/139 MP: 14/14
 21611 | D:15     | Reached skill level 5 in Armour
 21731 | D:15     | Found a staircase to the Depths.
 22019 | D:15     | Noticed Agnes
 22035 | D:15     | Killed Agnes
 22320 | D:15     | Reached skill level 12 in Dodging
 22697 | D:12     | Paralysed by a hornet for 3 turns
 23679 | Lair:3   | Found a runed translucent gate.
 23679 | Lair:3   | Found a runed translucent gate.
 23679 | Lair:3   | Found a runed translucent gate.
 24015 | Lair:3   | Acquired the ring "Wagut" {rElec rN+ Will+}
 24173 | Lair:3   | Noticed bearlyready's ghost (adept GnAE)
 24568 | Lair:3   | Killed bearlyready's ghost
 24677 | Lair:3   | Got a bone flail
 24678 | Lair:3   | Identified the +1 flail "Isar" {holy, Str+5} (You found it
                  | on level 3 of the Lair of Beasts)
 25140 | Lair:4   | Found a staircase to the Swamp.
 26230 | Lair:5   | Acquired a manual of Fighting
 26254 | Lair:5   | Reached skill level 13 in Dodging
 26340 | Lair:5   | Reached XP level 16. HP: 134/149 MP: 15/15
 26367 | Lair:5   | Found the amulet of the Air {Inacc +Fly rElec EV+5 RMsl}
 26891 | Lair:5   | Got a scorched hunting sling
 26892 | Lair:5   | Identified the +5 hunting sling of the Open Hand {flame,
                  | Will++ Str+3} (You found it on level 5 of the Lair of
                  | Beasts)
 27448 | Lair:6   | Entered Level 6 of the Lair of Beasts
 27537 | Lair:6   | Noticed Urug
 27552 | Lair:6   | Killed Urug
 27920 | Lair:6   | Paralysed by a hornet for 2 turns
 28075 | Lair:6   | Got a crude copper ring
 28082 | Lair:6   | Identified the ring "Ritamoys" {Fire Stlth+} (You found it
                  | on level 6 of the Lair of Beasts)
 28430 | Lair:6   | Found a viscous altar of Jiyva.
 28431 | Lair:6   | Found a staircase to the Slime Pits.
 28640 | Lair:6   | Found a runed translucent door.
 28821 | Lair:6   | Acquired quicksilver dragon scales
 29519 | Elf:1    | Entered Level 1 of the Elven Halls
 29823 | Swamp:1  | Entered Level 1 of the Swamp
 29861 | Swamp:1  | Killed from afar by an eleionoma

Illustrated notes

Levels and vault maps discovered:
D:1:      shiori_arrival_whats_in_store_for_you, layout_loops_ring
D:2:      layout_rooms
D:3:      cheibrodos_old_hovel, layout_basic,
          pdpol_temple_overflow_zin_treasury_gozag_greed,
          chequers_ecumenical_altar_simple
D:4:      layout_layer_cave, cheibrodos_gnoll_hut
D:5:      layout_loops_corners, kennysheep_cross_room, saegor_snake_ambush
D:6:      layout_loops_ring, minmay_temple_entry_purple_smoke
D:7:      layout_rooms, gammafunk_temple_overflow_statue
D:8:      layout_loops_ring, minmay_manual_maat, uniq_joseph
D:9:      layout_rooms, dpeg_oklobed_lair, hex_tiny, minmay_shop_mayhem,
          okawaru_humans
D:10:     layout_gridville, minmay_three_doors
D:11:     layout_rooms
D:12:     layout_long_grid, kennysheep_orc_monster_closet_entryway,
          jmf_multi_god_temple, uniq_erolcha, uniq_psyche
D:13:     layout_basic
D:14:     layout_long_grid, david_vaults_3, nicolae_wwwww
D:15:     grunt_enter_depths_snipers, layout_irregular_city, uniq_agnes
Lair:1:   layout_loops_ring, enter_volcano_2, beast_lair_carwin_9,
          serial_bayou_shore_a
Lair:2:   layout_chaotic_city, guppyfry_snake_entry_garden,
          infiniplex_staircase_pool
Lair:3:   layout_regular_city, gammafunk_ghost_icy, grunt_megastairs_1
Lair:4:   layout_cave_pods, skrybe_swamp_entry_bodies, st_stairs_4,
          beast_lair_carwin_11, infiniplex_staircase_pool_2
Lair:5:   nzn_winding_woodlands_stair_trap [nzn_winding_woodlands_5x15_pool,
          nzn_winding_woodlands_5x15_parted,
          nzn_winding_woodlands_5x15_concentric,
          nzn_winding_woodlands_15x15_five_gardens,
          nzn_winding_woodlands_5x15_jagged, nzn_winding_woodlands_5x15_default,
          nzn_winding_woodlands_5x15_sidewinder], layout_gridlike,
          lemuel_fruit_tree
Lair:6:   wormcave, layout_regular_city, hangedman_lair_in_review,
          dpeg_slime_entry_enclosed_altar, st_stairs_12, uniq_rupert, uniq_urug
Swamp:1:  layout_basic_swamp, lemuel_altar_in_water, uniq_louise, uniq_roxanne
Orc:1:    layout_caves
Orc:2:    grunt_orc_gardens, layout_diamond_mine, grunt_orc_garden,
          grunt_orc_garden, grunt_orc_garden, grunt_orc_garden, serial_shops,
          nicolae_shop_stone
Elf:1:    layout_loops_cross, ebering_ghost_xom, basic_altar,
          minmay_elf_demonology

Skill      XL: |  1  2  3  4  5  6  7  8  9 10 11 12 13 14 15 16 |
---------------+-------------------------------------------------+-----
Fighting       | 3 4 5 6 7 9 |  9.7
Dodging        | 3 4 5 6 7 8 9 10 11 13 | 13.3
Unarmed Combat | 4 5 6 7 10 11 12 | 12.6
Evocations     | 2 3 4 5 |  5.0
Slings         | 4 6 7 8 |  8.6
Shields        | 3 5 7 8 |  8.7
Maces & Flails | 4 8 10 12 | 12.9
Armour         | 4 5 |  5.5
Stealth        | |  1.0

Action                   |  1- 3 |  4- 6 |  7- 9 | 10-12 | 13-15 | 16-18 || total
-------------------------+-------+-------+-------+-------+-------+-------++-------
Melee: Unarmed           |   116 |   118 |   282 |   689 |   228 |       ||  1433
       Punch             |     1 |       |     9 |    15 |       |       ||    25
       Shillelagh        |       |       |       |    15 |   998 |   382 ||  1395
 Fire: Hunting sling     |       |       |       |       |    25 |    28 ||    53
Throw: Large rock        |       |       |       |     3 |     1 |       ||     4
Invok: Potion Petition   |       |       |     1 |       |     3 |       ||     4
Evoke: Wand              |       |     1 |       |     3 |     4 |       ||     8
  Use: Scroll            |       |     7 |    10 |    17 |     5 |     5 ||    44
       Potion            |       |       |       |     5 |     5 |     1 ||    11
 Stab: Sleeping          |     4 |       |     5 |     1 |     1 |       ||    11
       Distracted        |       |       |     1 |     1 |     7 |     2 ||    11
       Paralysed         |       |       |       |     6 |       |       ||     6
Armor: Robe              |    43 |    36 |    74 |   147 |   124 |       ||   424
       Skin              |       |       |       |       |     5 |       ||     5
       Swamp dragon scal |       |       |       |       |    96 |    53 ||   149
       Quicksilver drago |       |       |       |       |       |    20 ||    20
Dodge: Dodged            |    53 |    85 |   181 |   358 |   496 |   132 ||  1305
Block: Tower shield      |       |       |       |   375 |  1079 |   317 ||  1771
